 Dungeon Crawl Stone Soup version 0.27-a0-887-gcab673c142 (webtiles) character file.

Game seed: 9636444095850585095

3 Alarkh the Insei (level 1, -1/15 HPs)
             Began as a Demonspawn Transmuter on Apr 3, 2021.
             Slain by a kobold
             ... wielding a +2 vampiric short sword
              (3 damage)
             ... on level 1 of the Dungeon.
             The game lasted 00:00:09 (188 turns).

Alarkh the Insei (Demonspawn Transmuter)             Turns: 188, Time: 00:00:09

Health: -1/15      AC:  2    Str: 10    XL:     1   Next: 41%
Magic:  3/3        EV: 12    Int: 14    God:
Gold:   31         SH:  0    Dex: 13    Spells: 3/4 levels left

rFire    . . .     SeeInvis .     - Unarmed
rCold    . . .     Faith    .   (no shield)
rNeg     . . .     Spirit   .   a - +0 robe
rPois    .         Reflect  .   (no helmet)
rElec    .         Harm     .   (no cloak)
rCorr    .         Rampage  .   (no gloves)
Will     .....                  (no boots)
Stlth    +.........             (no amulet)
HPRegen  0.05/turn              (no ring)
MPRegen  0.08/turn              (no ring)

@: mighty
A: no striking features
a: no special abilities


You were on level 1 of the Dungeon.
You visited 1 branch of the dungeon, and saw 1 of its levels.

You collected 31 gold pieces.

Inventory:

Armour
 a - a +0 robe (worn)
Scrolls
 b - a scroll of enchant weapon {unknown}
Potions
 c - a potion of degeneration {unknown}
 d - a potion of might


   Skills:
 + Level 1.1 Fighting
 - Level 1.7 Dodging
 * Level 2.8 Unarmed Combat
 - Level 2.0 Spellcasting
 - Level 1.7 Transmutations


You had 3 spell levels left.
You knew the following spells:

 Your Spells              Type           Power      Damage    Failure   Level
a - Beastly Appendage     Tmut           12%        N/A       12%         1

Your spell library contained the following spells:

 Spells                   Type           Power      Damage    Failure   Level
 Wereblood                Tmut           6%         N/A       17%         2
 Spider Form              Tmut/Pois      1%         N/A       45%         3
 Ice Form                 Ice/Tmut       3%         N/A       86%         4
 Hydra Form               Tmut           3%         N/A       97%         5


Dungeon Overview and Level Annotations

Branches:
Dungeon (1/15)

Altars:


Message History

d - 2 lumpy dark potions
Found a runed spear.
You see here a +1 vorpal spear.
You open the door.
A bat and a kobold come into view.
The kobold is wielding a +2 vampiric short sword.
There is an open door here.
You hit the bat.
You kill the bat!
The kobold shouts!
The kobold throws a stone.
The stone completely misses you. The kobold barely misses you.
You closely miss the kobold.
The kobold hits you with a +2 vampiric short sword.
You miss the kobold.
The kobold hits you with a +2 vampiric short sword.
You hit the kobold.
The kobold is heavily wounded.
The kobold hits you with a +2 vampiric short sword.
* * * LOW HITPOINT WARNING * * *
The kobold draws strength from your wounds!
You are too injured to fight recklessly!
You are too injured to fight recklessly!
You are too injured to fight recklessly!
You are too injured to fight recklessly!
You are too injured to fight recklessly!
You are too injured to fight recklessly!
You are too injured to fight recklessly!
You are too injured to fight recklessly!
You are too injured to fight recklessly!
You are too injured to fight recklessly!
You are too injured to fight recklessly!
You are too injured to fight recklessly!
You are too injured to fight recklessly!
You are too injured to fight recklessly!
You are too injured to fight recklessly!
It was a potion of might.
You feel very mighty all of a sudden.
The kobold hits you with a +2 vampiric short sword.
You die...

≈≈ #.# ≈≈ ≈..
#.# ..≈ ....
... ....
..###.###..
≈≈≈#.#≈≈≈
#≈#.#≈########
#≈K..≈#......#
#≈.@.≈######.#
#≈...≈# #.#
#≈≈.≈≈# #.#
...#####'###
#.# .......).#
#.# #######.##
#.# #.# #.#
#.# #.# #.#
#.#


You could see a kobold.

Vanquished Creatures
  2 bats (D:1)
  A quokka (D:1)
3 creatures vanquished.

Notes
Turn   | Place    | Note
-------+----------+-------------------------------------------
     0 | D:1      | Alarkh the Demonspawn Transmuter began the quest for the
                  | Orb.
     0 | D:1      | Reached XP level 1. HP: 15/15 MP: 3/3
    77 | D:1      | Found a faded altar of an unknown god.
   188 | D:1      | Slain by a kobold

Illustrated notes

Levels and vault maps discovered:
D:1:      dpeg_arrival_long_road, layout_loops_ring,
          chequers_ecumenical_altar_simple, kennysheep_minor_cross

Action                   || total
-------------------------++-------
Melee: Unarmed           ||    11
  Use: Potion            ||     1
Armor: Robe              ||     2
Dodge: Dodged            ||     9

Table legend: (Time is in decaauts)
 A = Elapsed time spent in this place.
 B = Non-inter-level travel time spent in this place.
 C = Inter-level travel time spent in this place.
 D = Time resting spent in this place.
 E = Time spent auto-exploring this place.
 F = Levels seen in this place.
 G = Mean time per level.
                   A        B        C        D        E       F      G
               +--------+--------+--------+--------+--------+-----+--------+
         Total |    187 |    187 |      0 |      0 |    157 |   1 |  187.0 |
       Dungeon |    187 |    187 |      0 |      0 |    157 |   1 |  187.0 |
               +--------+--------+--------+--------+--------+-----+--------+

Top non-repeatable levels by time:
     D:1: 187 daAuts
